 Dungeon Crawl Stone Soup version 0.24-a0-84-g25a2d9f (webtiles) character file.

Game seed: 4400017825151379509

4627 Blackhawk the Grappler (level 10, -8/92 HPs)
             Began as a Troll Hunter on Feb 7, 2019.
             Was an Elder of Okawaru.
             Mangled by a thrashing horror (12 damage)
             ... on level 2 of the Abyss.
             The game lasted 00:15:33 (7365 turns).

Blackhawk the Grappler (Troll Hunter)               Turns: 7365, Time: 00:15:34

Health: -8/92      AC:  9    Str: 22    XL:     10   Next: 19%
Magic:  9/9        EV:  9    Int:  7    God:    Okawaru [****..]
Gold:   523        SH: 13    Dex: 13    Spells: 9/9 levels left

rFire    . . .     SeeInvis +     - Unarmed
rCold    . . .     Gourm    +   p - +3 shield {AC+3}
rNeg     . . .     Faith    .   b - +0 robe
rPois    .         Spirit   .   (helmet restricted)
rElec    .         Reflect  .   (no cloak)
rCorr    +         Harm     .   (gloves unavailable)
MR       .....                  (boots unavailable)
Stlth    +.........             k - amulet of regeneration
HPRegen  1.05/turn              B - ring of resist corrosion
MPRegen  0.11/turn              e - ring of see invisible (curse)

@: about to teleport, very slightly contaminated, studying Maces & Flails,
invisible, very slow
A: large, unfitting armour, claws 3, fast metabolism 3, gourmand, regeneration
1, shaggy fur 1, tough skin 3
a: Heroism, Renounce Religion


You were on level 2 of the Abyss.
You worshipped Okawaru.
Okawaru was greatly pleased with you.
You were full.

You visited 1 branch of the dungeon, and saw 9 of its levels.
You visited the Abyss 1 time.

You collected 523 gold pieces.

Inventory:

Hand Weapons
 a - a +0 short sword
 H - the +9 war axe "Xaopn" {chop, rN++ MR+ Str+2 Dex-5}
   (You found it on level 8 of the Dungeon)

   It inflicts extra damage upon your enemies.
   It affects your strength (+2).
   It affects your dexterity (-5).
   It greatly protects you from negative energy.
   It affects your resistance to hostile enchantments.
Missiles
 c - 5 large rocks (quivered)
 d - 3 throwing nets
Armour
 b - a +0 robe (worn)
 o - a +0 shield
 p - a +3 shield of protection (worn)
Jewellery
 e - a cursed ring of see invisible (right claw)
 k - an amulet of regeneration (around neck)
 B - a ring of resist corrosion (left claw)
 D - an uncursed amulet of faith
Wands
 r - a wand of random effects (20)
 v - a wand of digging (6)
 y - a wand of disintegration (14)
 A - a wand of iceblast (5)
 J - a wand of enslavement (10)
 K - a wand of paralysis (7)
Scrolls
 g - 3 scrolls of remove curse
 i - a scroll of fog
 n - 4 scrolls of identify
 t - a scroll of teleportation
 u - a scroll of blinking
 G - a scroll of magic mapping {unknown}
 I - a scroll of amnesia {unknown}
Potions
 h - 3 potions of flight
 j - 4 potions of lignification
 l - 3 potions of cancellation
 m - 3 potions of haste
 q - a potion of invisibility
 s - 2 potions of ambrosia
 z - 2 potions of degeneration
 C - a potion of brilliance {unknown}
 E - a potion of resistance {unknown}
 F - 2 potions of curing {unknown}
Books
 w - a manual of Maces & Flails
Comestibles
 f - 16 rations


   Skills:
 + Level 4.1 Fighting
 - Level 3.6 Throwing
 - Level 1.5 Dodging
 - Level 0.3 Stealth
 + Level 6.5 Shields
 * Level 11.6 Unarmed Combat


You had 9 spell levels left.
You didn't know any spells.
Your spell library contained the following spells:

 Spells                   Type           Power        Failure   Level  Hunger
 Animate Skeleton         Necr           N/A          61%         1    ##.....
 Apportation              Tloc           #.....       61%         1    ##.....
 Confusing Touch          Hex            #.....       61%         1    ##.....
 Sandblast                Erth           #.....       61%         1    ##.....
 Summon Small Mammal      Summ           #...         61%         1    ##.....
 Passwall                 Tmut/Erth      #.......     75%         2    ###....
 Stone Arrow              Conj/Erth      #.....       93%         3    ####...
 Cause Fear               Hex            #.........   100%        4    #####..
 Petrify                  Tmut/Erth      #.......     100%        4    #####..
 Lee's Rapid Deconstruct  Erth           #.........   100%        5    ######.
 Silence                  Hex/Air        #.........   100%        5    ######.
 Yara's Violent Unravell  Hex/Tmut       #.........   100%        5    ######.
 Deflect Missiles         Chrm/Air       #.........   100%        6    #######
 Discord                  Hex            #.........   100%        8    #######


Dungeon Overview and Level Annotations

Branches:
Dungeon (9/15)             Temple (0/1) D:4
   Lair: D:8-11         Orc: D:9-12

Altars:
Ashenzari
Cheibriados
Fedhas
Gozag
Hepliaklqana
Kikubaaqudgha
Okawaru
Qazlal
Sif Muna
Trog
Wu Jian
Xom
The Shining One

Annotations:
D:6 exclusion: oklob plant
D:9 Erolcha


Innate Abilities, Weirdness & Mutations

You are too large for most types of armour.
You have claws for hands.
Your metabolism is lightning-fast.
You like to eat raw meat.
Your natural rate of healing is unusually fast.
You are covered in fur. (AC +1)
You have extremely tough skin. (AC +3)


Message History

You block the thrashing horror's attack.
The thrashing horror tramples you.
You hold your ground!
The starcursed mass barely misses you. The starcursed mass engulfs you.
* * * LOW HITPOINT WARNING * * *
The starcursed mass barely misses you.
You are very lightly contaminated with residual magic.
The thrashing horror roars!
The thrashing horror tramples you but does no damage.
The thrashing horror closely misses you.
The starcursed mass engulfs you!
* * * LOW HITPOINT WARNING * * *
The starcursed mass engulfs you but does no damage.
A cacophony of accursed wailing tears at your sanity!
* * * LOW HITPOINT WARNING * * *
You block the thrashing horror's attack.
The thrashing horror tramples you.
* * * LOW HITPOINT WARNING * * *
You hold your ground!
The thrashing horror tramples you!
You die... #X ≈ .
X ≈ .# . ≈ . ##. # # # # .# #. . ##### ## .. ## #XX@# #≈≈⌠# # ### # #XXXXXX≈≈≈#

###. #
#XXX###≈≈≈#.
. .. .#
##X##.# ## #.
... #≈≈...#l'
#. .
##≈##.##X##
#..#
#≈≈≈###≈≈≈# #
#≈≈≈≈≈≈≈≈ #
.. ##.
#⌠≈X###≈X⌠#.#
# .


You could see 7 starcursed masses, 4 thrashing horrors and a large abomination.

Vanquished Creatures
  A two-headed ogre (D:7)
  An unseen horror (Abyss:1)
  2 hippogriffs (D:7)
  A hungry ghost (D:4)
  2 ice beasts
  2 orc warriors
  3 sky beasts
  A black bear (D:7)
  6 ogres
  A centaur (D:6)
  A gnoll sergeant (D:5)
  4 bullfrogs
  A scorpion (D:5)
  4 killer bees (D:7)
  2 howler monkeys (D:4)
  4 crimson imps
  A bullfrog zombie (D:5)
  A centaur zombie (D:8)
  A quasit (Abyss:1)
  A bullfrog skeleton (D:8)
  A hound (D:7)
  4 orc priests
  3 jellies
  An orc wizard (D:7)
  An iguana (D:7)
  7 worker ants
  Robin (D:2)
  A worker ant zombie (D:6)
  3 gnolls (D:5)
  6 adders
  2 oozes
  2 adder skeletons
  2 adder zombies
  6 worms
  3 dart slugs (D:1)
  7 leopard geckos
  34 orcs
  8 giant cockroaches
  18 goblins
  9 hobgoblins
  4 jackals
  5 quokkas
  4 ball pythons
  9 bats
  4 frilled lizards
  5 kobolds
  3 quokka zombies
  9 rats
202 creatures vanquished.

Vanquished Creatures (others)
  An orc wizard (D:7)
1 creature vanquished.

Grand Total: 203 creatures vanquished

Notes
Turn   | Place    | Note
-------+----------+-------------------------------------------
     0 | D:1      | Blackhawk the Troll Hunter began the quest for the Orb.
     0 | D:1      | Reached XP level 1. HP: 19/19 MP: 0/0
    73 | D:1      | Reached skill level 1 in Unarmed Combat
    83 | D:1      | Reached XP level 2. HP: 27/27 MP: 1/1
   200 | D:1      | Reached skill level 2 in Unarmed Combat
   630 | D:1      | Reached XP level 3. HP: 32/33 MP: 2/2
   971 | D:2      | Noticed Robin
  1015 | D:2      | Reached skill level 3 in Unarmed Combat
  1033 | D:2      | Killed Robin
  1212 | D:2      | Reached XP level 4. HP: 41/41 MP: 3/3
  1502 | D:2      | Reached skill level 4 in Unarmed Combat
  1565 | D:2      | Reached skill level 1 in Shields
  2089 | D:3      | Reached XP level 5. HP: 48/48 MP: 4/4
  2522 | D:4      | Noticed an ogre
  2529 | D:4      | Killed an ogre
  2529 | D:4      | Reached skill level 5 in Unarmed Combat
  2562 | D:4      | Found an iron altar of Okawaru.
  2563 | D:4      | Found a hazy altar of Hepliaklqana.
  2563 | D:4      | Noticed an ogre
  2564 | D:4      | Found an ancient bone altar of Kikubaaqudgha.
  2565 | D:4      | Found a glowing golden altar of the Shining One.
  2570 | D:4      | Killed an ogre
  2570 | D:4      | Reached XP level 6. HP: 29/55 MP: 5/5
  2571 | D:4      | Found a bloodstained altar of Trog.
  2571 | D:4      | Found a shattered altar of Ashenzari.
  2571 | D:4      | Found an ornate altar of the Wu Jian Council.
  2574 | D:4      | Found a blossoming altar of Fedhas.
  2578 | D:4      | Became a worshipper of Warmaster Okawaru
  2648 | D:4      | Found a staircase to the Ecumenical Temple.
  2668 | D:4      | Noticed a hungry ghost
  2680 | D:4      | Killed a hungry ghost
  2680 | D:4      | Reached skill level 6 in Unarmed Combat
  2919 | D:3      | Reached XP level 7. HP: 43/62 MP: 6/6
  2945 | D:4      | Reached * piety under Okawaru
  3232 | D:4      | Reached skill level 7 in Unarmed Combat
  3287 | D:4      | Found a shimmering altar of Xom.
  3356 | D:5      | Entered Level 5 of the Dungeon
  3468 | D:5      | Reached ** piety under Okawaru
  3468 | D:5      | Reached XP level 8. HP: 62/70 MP: 7/7
  3493 | D:5      | Reached skill level 8 in Unarmed Combat
  4358 | D:6      | Reached skill level 9 in Unarmed Combat
  4556 | D:6      | Found a snail-covered altar of Cheibriados.
  4568 | D:6      | Reached skill level 5 in Shields
  4712 | D:6      | Found a deep blue altar of Sif Muna.
  4712 | D:6      | Noticed an oklob plant
  5179 | D:7      | Reached XP level 9. HP: 78/78 MP: 8/8
  5194 | D:7      | Reached *** piety under Okawaru
  5279 | D:7      | Found an opulent altar of Gozag.
  5371 | D:7      | Reached skill level 10 in Unarmed Combat
  6441 | D:8      | Found a stormy altar of Qazlal.
  6661 | D:8      | Noticed a two-headed ogre
  6683 | D:7      | Killed a two-headed ogre
  6683 | D:7      | Reached **** piety under Okawaru
  6683 | D:7      | Reached skill level 11 in Unarmed Combat
  6683 | D:7      | Reached XP level 10. HP: 80/92 MP: 6/9
  6999 | D:8      | Got a bloodstained war axe
  7000 | D:8      | Identified the +9 war axe "Xaopn" {chop, rN++ MR+ Str+2
                  | Dex-5} (You found it on level 8 of the Dungeon)
  7024 | D:9      | Noticed Erolcha
  7026 | D:9      | Cast into level 1 of the Abyss (Erolcha)
  7078 | Abyss:1  | Noticed an unseen horror
  7086 | Abyss:1  | Killed an unseen horror
  7106 | Abyss:1  | Noticed an orange demon
  7108 | Abyss:1  | Noticed a thrashing horror
  7153 | Abyss:1  | Noticed a thrashing horror
  7159 | Abyss:1  | Noticed a thrashing horror
  7161 | Abyss:1  | Noticed a sixfirhy
  7213 | Abyss:1  | Noticed a smoke demon
  7220 | Abyss:1  | Noticed a tentacled starspawn
  7221 | Abyss:1  | Noticed an unseen horror
  7223 | Abyss:1  | Noticed a large abomination
  7239 | Abyss:1  | Noticed a bone dragon
  7302 | Abyss:2  | Noticed a starcursed mass
  7353 | Abyss:2  | Noticed a thrashing horror
  7356 | Abyss:2  | Noticed a thrashing horror
  7359 | Abyss:2  | Noticed a thrashing horror
  7359 | Abyss:2  | Noticed a thrashing horror
  7361 | Abyss:2  | Paralysed by accursed screaming for 1 turns
  7364 | Abyss:2  | HP: 3/92 [thrashing horror (4)]
  7365 | Abyss:2  | Mangled by a thrashing horror

Levels and vault maps discovered:

Skill      XL: |  1  2  3  4  5  6  7  8  9 10 |
---------------+-------------------------------+-----
Unarmed Combat | 1 2 3 4 5 6 7 9 11 | 11.6
Shields        | 1 2 3 5 6 |  6.5
Fighting       | 3 4 |  4.1
Throwing       | |  3.6
Dodging        | |  1.5
Stealth        | |  0.3

Action                   |  1- 3 |  4- 6 |  7- 9 | 10-12 || total
-------------------------+-------+-------+-------+-------++-------
Melee: Unarmed           |   109 |   196 |   317 |    31 ||   653
       Short sword       |     2 |       |       |       ||     2
       Punch             |     1 |       |       |       ||     1
Invok: Heroism           |       |       |     1 |       ||     1
  Use: Scroll            |       |       |    15 |     4 ||    19
       Potion            |       |       |       |     3 ||     3
 Stab: Sleeping          |       |     4 |     2 |       ||     6
  Eat: Chunk             |    17 |    22 |    35 |     4 ||    78
Armor: Robe              |    55 |    72 |    64 |    19 ||   210
Dodge: Dodged            |    50 |    47 |    67 |    20 ||   184
Block: Shield            |     7 |    94 |   183 |    44 ||   328

Table legend:
 A = Non-vault XP
 B = Vault XP
 C = Vault XP percentage of total XP
 D = Non-vault monster count
 E = Vault monster count
 F = Vault count percentage of total count
                 A         B        C        D         E       F
            +---------+---------+-------+---------+---------+-------
      Total |    6384 |     227 |   3.4 |     188 |      15 |   7.4
            +---------+---------+-------+---------+---------+-------
        D:1 |      46 |       0 |   0.0 |      24 |       0 |   0.0
        D:2 |     106 |      32 |  23.2 |      26 |      11 |  29.7
        D:3 |     175 |       0 |   0.0 |      27 |       0 |   0.0
        D:4 |     493 |     190 |  27.8 |      19 |       3 |  13.6
        D:5 |     849 |       0 |   0.0 |      21 |       0 |   0.0
        D:6 |     630 |       5 |   0.8 |      18 |       1 |   5.3
        D:7 |    2647 |       0 |   0.0 |      34 |       0 |   0.0
        D:8 |     650 |       0 |   0.0 |      16 |       0 |   0.0
        D:9 |       5 |       0 |   0.0 |       1 |       0 |   0.0
    Abyss:1 |     783 |       0 |   0.0 |       2 |       0 |   0.0
            +---------+---------+-------+---------+---------+-------
